 Dungeon Crawl Stone Soup version 0.24-a0-479-g9a978d2894 (webtiles) character file.

Game seed: 144629554996915997

207246 Gynju the Impaler (level 18, -1/157 HPs)
             Began as a Demonspawn Fighter on July 7, 2019.
             Was the Champion of Okawaru.
             Slain by Gynju's illusion (8 damage)
             ... woven by Mara
             ... on level 3 of the Shoals.
             The game lasted 01:46:45 (33379 turns).

Gynju the Impaler (Demonspawn Fighter)             Turns: 33379, Time: 01:46:45

Health: -1/157     AC: 32    Str: 26    XL:     18   Next: 9%
Magic:  0/30       EV: 17    Int:  5    God:    Okawaru [******]
Gold:   1650       SH:  0    Dex: 14    Spells: 23/33 levels left

rFire    . . .     SeeInvis +   G - +13 scythe of Curses {drain, *Curse} (curse)
rCold    . . .     Gourm    .   (shield currently unavailable)
rNeg     . . .     Faith    .   A - +5 chain mail of Subydiat {+Inv rPois} (curse)
rPois    +         Spirit   +   n - +2 helmet (curse)
rElec    +         Reflect  +   N - +2 cloak {+Inv} (curse)
rCorr    +         Harm     .   R - +1 pair of gloves "Lutudes" {rElec Regen+ Int-4 SInv} (curse)
MR       ++++.                  (boots unavailable)
Stlth    ..........             l - amulet "Hiemu" {Reflect +Inv rF- MR+++ Dex+2 SH+4} (curse)
HPRegen  0.76/turn              Y - ring "Gummol" {rElec rF+ rCorr} (curse)
MPRegen  0.44/turn              o - +5 ring of protection (curse)

@: sleeping, very slightly contaminated
A: talons 3, foul stench 1, robust 1, magic shield, magic regeneration, magic
link, rot immunity, sturdy frame 2
}: 1/15 runes: serpentine
a: Heroism, Finesse, Renounce Religion, Evoke Invisibility


You were on level 3 of the Shoals.
You worshipped Okawaru.
Okawaru was exalted by your worship.
You were very hungry.

You visited 6 branches of the dungeon, and saw 32 of its levels.
You also visited: Gauntlet and Volcano.

You collected 3341 gold pieces.
You spent 1691 gold pieces at shops.

Inventory:

Hand Weapons
 G - the cursed +13 scythe of Curses (weapon) {drain, *Curse}
   (Okawaru gifted it to you on level 1 of the Lair of Beasts)

   A truly terrible weapon, it drains the life of those it strikes.
   It curses itself when equipped.
   It has a curse placed upon it.
Missiles
 g - 13 atropa-tipped darts
 m - 13 poisoned darts (quivered)
 O - 13 datura-tipped darts
 U - 12 curare-tipped darts
Armour
 n - a cursed +2 helmet (worn)
 A - the cursed +5 chain mail of Subydiat (worn) {+Inv rPois}
   (Okawaru gifted it to you on level 2 of the Lair of Beasts)

   It protects you from poison.
   It lets you turn invisible.
   It has a curse placed upon it.
 N - a cursed +2 cloak of invisibility (worn)
 R - the cursed +1 pair of gloves "Lutudes" (worn) {rElec Regen+ Int-4 SInv}
   (You bought it in a shop on level 2 of the Snake Pit)

   It affects your intelligence (-4).
   It insulates you from electricity.
   It lets you see invisible.
   It increases your rate of regeneration.
   It has a curse placed upon it.
Jewellery
 l - the cursed amulet "Hiemu" (around neck) {Reflect +Inv rF- MR+++ Dex+2 SH+4}
   (You found it in a Gauntlet)

   [amulet of reflection]

   It shields you and reflects attacks.
   It affects your dexterity (+2).
   It makes you vulnerable to fire.
   It affects your resistance to hostile enchantments.
   It lets you turn invisible.
   It affects your SH (+4).
   It has a curse placed upon it.
 o - a cursed +5 ring of protection (right hand)
 Y - the cursed ring "Gummol" (left hand) {rElec rF+ rCorr}
   (You bought it in a shop on level 2 of the Orcish Mines)

   [ring of resist corrosion]

   It protects you from fire.
   It insulates you from electricity.
   It provides partial protection from all sources of acid and corrosion.
   It has a curse placed upon it.
Wands
 c - a wand of paralysis (28)
 h - a wand of flame (22)
 t - a wand of digging (8)
 z - a wand of polymorph (34)
 C - a wand of scattershot (6)
 D - a wand of acid (19)
 H - a wand of disintegration (15)
 I - a wand of iceblast (18)
 W - a wand of random effects (36)
Scrolls
 a - 2 scrolls of fear
 i - 6 scrolls of remove curse
 k - a scroll of identify
 p - 5 scrolls of enchant armour
 r - 10 scrolls of teleportation
 w - 4 scrolls of amnesia
 B - 5 scrolls of fog
 F - 4 scrolls of enchant weapon
 K - 2 scrolls of blinking
 T - 3 scrolls of magic mapping
Potions
 b - 3 potions of cancellation
 d - 7 potions of might
 j - 11 potions of agility
 q - 2 potions of berserk rage
 s - 5 potions of lignification
 u - 6 potions of flight
 v - 7 potions of brilliance
 x - a potion of resistance
 E - 3 potions of degeneration
 J - 3 potions of mutation
 L - 6 potions of haste
 M - 3 potions of magic
 P - a potion of ambrosia
 Q - 7 potions of curing
Comestibles
 f - 34 rations
 S - 6 chunks of flesh


   Skills:
 + Level 13.3 Fighting
 + Level 16.1 Polearms
 + Level 12.3 Armour
 + Level 12.0 Dodging
   Level 2.6 Shields
 - Level 8.0 Spellcasting
 - Level 8.9 Hexes
 - Level 9.3 Invocations
 - Level 10.6 Evocations


You had 23 spell levels left.
You knew the following spells:

 Your Spells              Type           Power        Failure   Level  Hunger
a - Confusing Touch       Hex            ##....       1%          1    #......
b - Tukima's Dance        Hex            ##......     3%          3    ###....
c - Slow                  Hex            ##......     1%          2    ##.....
d - Cause Fear            Hex            ##........   13%         4    #####..

Your spell library contained the following spells:

 Spells                   Type           Power        Failure   Level  Hunger
 Corona                   Hex            ##.....      1%          1    #......
 Dazzling Spray           Conj/Hex       #.....       24%         3    ###....
 Inner Flame              Hex/Fire       #.......     24%         3    ###....
 Portal Projectile        Hex/Tloc       #.....       24%         3    ###....
 Animate Skeleton         Necr           N/A          45%         1    #......
 Apportation              Tloc           #.....       45%         1    #......
 Flame Tongue             Conj/Fire      #....        45%         1    #......
 Magic Dart               Conj           #...         45%         1    #......
 Shock                    Conj/Air       #...         45%         1    #......
 Summon Butterflies       Summ           #.......     45%         1    #......
 Summon Small Mammal      Summ           #...         45%         1    #......
 Corpse Rot               Necr           N/A          58%         2    ##.....
 Searing Ray              Conj           #.....       58%         2    ##.....
 Sublimation of Blood     Necr           #.........   58%         2    ##.....
 Swiftness                Chrm/Air       #.......     58%         2    ##.....
 Throw Flame              Conj/Fire      #.....       58%         2    ##.....
 Fulminant Prism          Conj/Hex       #.........   63%         4    #####..
 Leda's Liquefaction      Hex/Erth       #.........   63%         4    #####..
 Conjure Flame            Conj/Fire      #.......     83%         3    ###....
 Lesser Beckoning         Tloc           #.........   83%         3    ###....
 Mephitic Cloud           Conj/Pois/Air  #.......     83%         3    ###....
 Recall                   Summ/Tloc      N/A          83%         3    ###....
 Static Discharge         Conj/Air       #.......     83%         3    ###....
 Invisibility             Hex            ##......     89%         6    #######
 Silence                  Hex/Air        #.........   92%         5    ######.
 Summon Mana Viper        Hex/Summ       #.......     92%         5    ######.
 Yara's Violent Unravell  Hex/Tmut       #.........   92%         5    ######.
 Airstrike                Air            #.........   99%         4    #####..
 Force Lance              Conj/Tloc      #.......     99%         4    #####..
 Iskenderun's Mystic Bla  Conj           #.......     99%         4    #####..
 Sticky Flame             Conj/Fire      #.......     99%         4    #####..
 Agony                    Necr           #.......     100%        5    ######.
 Alistair's Intoxication  Tmut/Pois      #.......     100%        5    ######.
 Aura of Abjuration       Summ           #.........   100%        5    ######.
 Bolt of Draining         Conj/Necr      #.........   100%        5    ######.
 Dispel Undead            Necr           #.......     100%        5    ######.
 Excruciating Wounds      Chrm/Necr      #.........   100%        5    ######.
 Fireball                 Conj/Fire      #.........   100%        5    ######.
 Lightning Bolt           Conj/Air       #.........   100%        5    ######.
 Summon Demon             Summ           #.........   100%        5    ######.
 Summon Forest            Summ/Tloc      #.........   100%        5    ######.
 Deflect Missiles         Chrm/Air       #.........   100%        6    #######
 Shadow Creatures         Summ           N/A          100%        6    #######
 Ring of Flames           Chrm/Fire      #.........   100%        7    #######
 Discord                  Hex            ##........   100%        8    #######


Dungeon Overview and Level Annotations

Branches:
Dungeon (15/15)            Temple (1/1) D:6            Lair (6/6) D:8
 Shoals (4/4) Lair:3        Snake (4/4) Lair:4        Slime (0/5) Lair:5
    Orc (2/2) D:11            Elf (0/3) Orc:2        Vaults (0/5) D:13
 Depths (0/5) D:15

Altars:
Ashenzari
Cheibriados
Dithmenos
Elyvilon
Fedhas
Gozag
Hepliaklqana
Kikubaaqudgha
Makhleb
Nemelex Xobeh
Okawaru
Qazlal
Ru
Sif Muna
Trog
Uskayaw
Vehumet
Wu Jian
Xom
Yredelemnul
Zin
The Shining One
Beogh

Shops:
D:6 }   D:9 =   D:10 :   Orc:2 ?(=(==:   Snake:1 (   Snake:2 ![=[   Snake:3 !

Annotations:
D:9 3 runed translucent doors, PgLoLo's ghost, novice MiFi
Shoals:1 exclusion: Roxanne, Roxanne
Shoals:3 Mara
Orc:2 3 runed translucent doors, Murumi's ghost, journeyman FoFi; motoroller71's ghost, journeyman GnFi


Innate Abilities, Weirdness & Mutations

You have claws for feet.
You may emit foul miasma when damaged in melee.
You are robust. (+10% HP)
When hurt, damage is shared between your health and your magic reserves.
You regenerate magic rapidly.
When low on magic, you restore magic in place of health.
You are immune to rotting.
Your movements are less encumbered by armour. (ER -4)


Message History

The water nymph drowns you!
* * * LOW HITPOINT WARNING * * *
The satyr plays a frightful melody on his pipes!
The satyr radiates an aura of fear!
You resist with almost no effort.
You rip the net and break free!
Mara blinks!
You block Gynju's illusion's attack.
The dream sheep bites you but does no damage.
The faun shoots a stone.
The stone closely misses you.
You hear a splash.
The water nymph gestures at you while chanting.
The water swirls and strikes you!
* * * LOW HITPOINT WARNING * * *
The dream sheep bites you but does no damage.
The dream sheep looks sick.
The dream sheep shake their wool and sparkle.
You feel drowsy...
You fall asleep.
The sea snake bites you but does no damage.
The sea snake looks sick.
The merfolk completely misses you. The dream sheep closely misses you.
Gynju's illusion hits you!
You die...

... ##...≈≈≈≈
≈≈≈≈ .....
.......≈≈≈≈≈
.≈≈≈ ....
..≈...≈≈≈≈≈≈
≈≈... #...
..≈≈..≈≈≈≈≈≈
≈≈≈≈.(##.$
......≈≈≈≈≈≈
≈≈≈≈........
≈≈≈≈≈.......#
...


You could see 3 Maras, a satyr, a sea snake, a merfolk, a faun, a cyclops, a
water nymph, 3 dream sheep and Gynju's illusion.

Vanquished Creatures
  Nikola (Snake:1)
  Jorgrun (D:13)
  Rupert (Lair:3)
  Asterion (Snake:2)
  Kirke (Shoals:1)
  9 nagarajas
  A frost giant (Shoals:4)
  Aizul (Snake:1)
  An orc warlord (Orc:2)
  A stone giant (Orc:2)
  A red draconian (Volcano)
  Snorg (D:13)
  A green death (Gauntlet)
  8 merfolk impalers
  7 merfolk javelineers
  A yaktaur captain (D:15)
  3 vault guards (D:13)
  4 hydras
  2 merfolk avatars (Shoals:2)
  8 naga warriors
  3 centaur warriors
  A satyr (Shoals:4)
  2 alligators (D:12)
  4 anacondas
  4 two-headed ogres
  A merfolk aquamancer (Shoals:2)
  A death yak (Lair:6)
  An orc high priest (Orc:2)
  4 shock serpents
  10 naga sharpshooters
  The ghost of firegrace the Cleaver, a novice TrBe of Trog (D:8)
  A deep elf knight (D:14)
  Sonja (Lair:2)
  4 sea snakes
  3 unseen horrors
  3 salamander mystics
  3 orc knights
  Pikel (D:6)
  5 naga ritualists
  11 harpies
  3 fauns (Shoals:2)
  5 orc sorcerers
  A wolf spider zombie (D:14)
  3 deep elf magi
  A lindwurm (D:12)
  7 ugly things
  6 mana vipers
  7 manticores
  10 salamanders
  5 cyclopes
  A centaur zombie (D:13)
  6 elephants
  5 merfolk sirens
  14 naga magi
  3 guardian serpents
  26 black mambas
  21 spiny frogs
  2 orange demons (Gauntlet)
  5 water nymphs
  Joseph (D:7)
  An ice statue (Gauntlet)
  A torpor snail (Lair:6)
  4 rime drakes
  2 demonic crawlers (D:12)
  2 yaktaurs
  An efreet (D:14)
  2 kobold demonologists
  7 komodo dragons
  19 merfolk
  4 trolls
  6 tyrant leeches
  2 wind drakes
  4 polar bears
  2 hornets
  Prince Ribbit (D:7)
  16 blink frogs
  5 slime creatures
  20 hippogriffs
  4 snapping turtles
  7 dream sheep
  Sigmund (D:3)
  A blink frog (shapeshifter) (D:14)
  A shadow (D:12)
  A spriggan (Lair:2)
  4 water elementals (Shoals:2)
  2 hogs (Shoals:1)
  4 wraiths (Lair:5)
  44 yaks
  Grum (D:8)
  12 basilisks
  4 wyverns
  8 humans (D:13)
  2 hungry ghosts
  2 steam dragons
  8 vampire mosquitoes
  Menkaure (D:6)
  A warg (shapeshifter) (D:13)
  3 acid dragons
  2 wargs
  10 water moccasins
  7 porcupines
  10 ice beasts
  2 slaves (D:6)
  43 nagas
  A black bear (Lair:2)
  30 orc warriors
  2 sky beasts
  A necrophage (D:8)
  An eye of draining (D:15)
  2 phantoms
  13 ogres
  18 wolves
  11 centaurs
  10 crocodiles
  Blork the orc (D:7)
  5 big kobolds
  29 bullfrogs
  A wyvern zombie (D:13)
  3 scorpions
  13 killer bees
  3 wights (D:7)
  3 howler monkeys
  An electric eel (Lair:6)
  9 crimson imps
  A quasit (D:10)
  A bullfrog zombie (D:6)
  4 hounds
  A gnoll shaman (D:6)
  28 orc priests
  A bullfrog skeleton (D:7)
  2 hell rats (D:12)
  8 iguanas
  Ijyb (D:3)
  33 orc wizards
  12 worker ants
  A hound zombie (D:10)
  4 hound skeletons
  10 adders
  8 gnolls
  4 river rats (D:12)
  4 shadow imps
  An ooze (D:1)
  An adder zombie (D:8)
  3 adder skeletons
  11 worms
  3 dart slugs
  6 leopard geckos
  123 orcs
  9 giant cockroaches
  8 goblins
  8 hobgoblins
  9 jackals
  4 quokkas
  5 ball pythons
  12 bats
  15 frilled lizards
  A jackal skeleton (D:7)
  25 kobolds
  A leopard gecko skeleton (D:8)
  2 quokka skeletons (D:8)
  14 rats
1075 creatures vanquished.

Vanquished Creatures (collateral kills)
  Vashnia (Snake:2)
  Gastronok (Lair:1)
  A minotaur (Gauntlet)
  2 merfolk javelineers (Shoals:4)
  A merfolk impaler (Shoals:4)
  Josephine (Lair:5)
  2 merfolk avatars
  Erolcha (D:10)
  4 naga warriors
  A hydra (D:11)
  Urug (Lair:3)
  4 naga sharpshooters
  A sea snake (Shoals:4)
  A lindwurm (D:12)
  An orc knight (Orc:1)
  4 harpies
  A necromancer (Gauntlet)
  3 ugly things
  A mana viper (Snake:2)
  2 salamanders
  3 manticores
  A faun (Shoals:2)
  A merfolk siren (Shoals:1)
  6 black mambas
  3 spiny frogs
  A naga mage (Snake:3)
  A torpor snail (Lair:6)
  A water nymph (Shoals:2)
  A centaur skeleton (D:13)
  4 rime drakes
  A minotaur zombie (Gauntlet)
  5 merfolk
  A troll (Orc:2)
  6 blink frogs
  A tyrant leech (Lair:6)
  3 dream sheep
  A slime creature (D:14)
  A hippogriff (Lair:4)
  A snapping turtle (Shoals:2)
  6 wyverns
  A spriggan (Lair:2)
  A basilisk (Lair:4)
  7 yaks
  6 nagas
  An acid dragon (D:13)
  A hell hound (Lair:4)
  A porcupine (Lair:1)
  3 water moccasins
  3 orc warriors
  An ogre (D:12)
  A centaur (Volcano)
  4 wolves
  A big kobold (D:12)
  A bullfrog (Lair:6)
  An electric eel (Lair:6)
  8 orc priests
  4 orc wizards (Orc:2)
  A worker ant (D:13)
  7 orcs
  A giant cockroach (D:12)
  A frilled lizard (D:12)
  4 kobolds (D:12)
  3 fungi
144 creatures vanquished.

Vanquished Creatures (others)
  A merfolk aquamancer (Shoals:4)
  A naga sharpshooter (Snake:4)
  A naga ritualist (Snake:3)
  2 black mambas (Snake:1)
  A salamander (Snake:4)
  A dream sheep (Shoals:2)
  A human (D:13)
  3 dancing weapons
  A naga (Snake:3)
  An orc priest (Orc:2)
  An orc wizard (D:14)
  An orc (D:8)
  2 kobolds
  11 fungi
  41 plants
69 creatures vanquished.

Grand Total: 1288 creatures vanquished

Notes
Turn   | Place    | Note
-------+----------+-------------------------------------------
     0 | D:1      | Gynju the Demonspawn Fighter began the quest for the Orb.
     0 | D:1      | Reached XP level 1. HP: 18/18 MP: 1/1
    72 | D:1      | Reached skill level 2 in Polearms
    97 | D:1      | Gained mutation: When hurt, damage is shared between your
                  | health and your magic reserves. [demonic ancestry]
    97 | D:1      | Reached XP level 2. HP: 17/24 MP: 2/2
   470 | D:1      | Reached skill level 3 in Polearms
   496 | D:1      | Gained mutation: Your movements are slightly less
                  | encumbered by armour. (ER -2) [demonic ancestry]
   496 | D:1      | Reached XP level 3. HP: 28/29 MP: 3/3
  1211 | D:2      | Found a sacrificial altar of Ru.
  1299 | D:2      | Found an iron altar of Okawaru.
  1311 | D:2      | Became a worshipper of Warmaster Okawaru
  1398 | D:2      | Found a glowing golden altar of the Shining One.
  1917 | D:3      | Gained mutation: You have sharp toenails. [demonic
                  | ancestry]
  1917 | D:3      | Reached XP level 4. HP: 35/35 MP: 4/4
  1921 | D:3      | Reached skill level 4 in Polearms
  1923 | D:3      | Found a blossoming altar of Fedhas.
  2137 | D:3      | Noticed Ijyb
  2165 | D:3      | Killed Ijyb
  2181 | D:3      | Found a shadowy altar of Dithmenos.
  2221 | D:3      | Noticed Sigmund
  2245 | D:3      | Killed Sigmund
  2245 | D:3      | Reached skill level 5 in Polearms
  2245 | D:3      | Reached XP level 5. HP: 30/41 MP: 5/5
  2245 | D:3      | Reached XP level 6. HP: 34/47 MP: 6/6
  2701 | D:3      | Reached skill level 6 in Polearms
  3054 | D:4      | Reached * piety under Okawaru
  3346 | D:4      | Got a heavily runed scale mail
  3361 | D:4      | Identified the +7 scale mail of Elagal {rC- rCorr Str-2
                  | Dex+7} (You found it on level 4 of the Dungeon)
  3388 | D:4      | Reached skill level 7 in Polearms
  3388 | D:4      | Reached XP level 7. HP: 40/52 MP: 5/7
  3706 | D:4      | Identified the ring "Roham" {*Corrode rC+ MR+ MP+9}
  3821 | D:4      | Found an opulent altar of Gozag.
  4148 | D:5      | Entered Level 5 of the Dungeon
  4216 | D:5      | Reached skill level 8 in Polearms
  4487 | D:5      | Reached ** piety under Okawaru
  4492 | D:5      | Found an iron altar of Okawaru.
  4540 | D:5      | Gained mutation: You regenerate magic rapidly. [demonic
                  | ancestry]
  4540 | D:5      | Reached XP level 8. HP: 34/58 MP: 8/8
  4700 | D:5      | Learned a level 1 spell: Confusing Touch
  4830 | D:5      | Reached skill level 9 in Polearms
  4839 | D:5      | Reached skill level 1 in Spellcasting
  4839 | D:5      | Reached skill level 1 in Hexes
  4885 | D:5      | Found a snail-covered altar of Cheibriados.
  5192 | D:6      | Noticed Menkaure
  5203 | D:6      | Killed Menkaure
  5326 | D:6      | Found a glowing silver altar of Zin.
  5326 | D:6      | Found a radiant altar of Vehumet.
  5411 | D:6      | Found Iwagasiz's Gadget Shoppe.
  5513 | D:6      | Noticed Pikel
  5527 | D:6      | Killed Pikel
  5527 | D:6      | Reached *** piety under Okawaru
  5527 | D:6      | Reached XP level 9. HP: 47/63 MP: 14/14
  5613 | D:6      | Found a staircase to the Ecumenical Temple.
  5639 | Temple   | Entered the Ecumenical Temple
  6280 | D:6      | Found a shattered altar of Ashenzari.
  6316 | D:7      | Reached skill level 10 in Polearms
  6410 | D:7      | Reached skill level 5 in Hexes
  6557 | D:7      | Reached skill level 5 in Spellcasting
  6811 | D:7      | Identified the +1 plate armour "Lesisu" {*Drain rN+ Str+4}
  6852 | D:7      | Noticed Joseph
  6892 | D:7      | Killed Joseph
  7069 | D:7      | Noticed Blork the orc
  7090 | D:7      | Killed Blork the orc
  7093 | D:7      | Found a deep blue altar of Sif Muna.
  7137 | D:7      | Reached **** piety under Okawaru
  7224 | D:7      | Identified the +0 robe of Unumulof {-Cast rF+++ Str+2 SInv}
  7310 | D:7      | Noticed Prince Ribbit
  7320 | D:7      | Killed Prince Ribbit
  7320 | D:7      | Gained mutation: You are immune to rotting. [demonic
                  | ancestry]
  7320 | D:7      | Reached XP level 10. HP: 67/70 MP: 18/18
  7777 | D:8      | Noticed a two-headed ogre
  7788 | D:8      | Killed a two-headed ogre
  7887 | D:8      | Found a staircase to the Lair.
  8199 | D:8      | Found a stormy altar of Qazlal.
  8286 | D:8      | Found a runed translucent gate.
  8287 | D:8      | Found a runed translucent gate.
  8287 | D:8      | Found an opulent altar of Gozag.
  8287 | D:8      | Found a runed translucent gate.
  8289 | D:8      | Noticed firegrace's ghost (novice TrBe)
  8293 | D:8      | Noticed Grum
  8332 | D:8      | Killed Grum
  8772 | D:8      | Reached skill level 11 in Polearms
  9303 | D:9      | Reached ***** piety under Okawaru
  9371 | D:9      | Found a runed translucent gate.
  9371 | D:9      | Found a runed translucent gate.
  9371 | D:9      | Found a runed translucent gate.
  9371 | D:9      | Noticed PgLoLo's ghost (novice MiFi)
  9554 | D:9      | Found Ochiaces's Jewellery Shop.
  9986 | D:10     | Entered Level 10 of the Dungeon
 10092 | D:10     | Noticed a tengu warrior
 10171 | Lair:1   | Entered Level 1 of the Lair of Beasts
 10355 | Lair:1   | Gained mutation: You have razor-sharp toenails. [demonic
                  | ancestry]
 10355 | Lair:1   | Reached XP level 11. HP: 75/75 MP: 22/22
 10360 | Lair:1   | Received a gift from Okawaru
 10361 | Lair:1   | Found the +13 scythe of Curses {drain, *Curse}
 10445 | Lair:1   | Found a glowing golden altar of the Shining One.
 10549 | Lair:1   | Noticed Gastronok
 10556 | Lair:1   | Killed Gastronok
 10645 | Lair:1   | Reached skill level 1 in Invocations
 10648 | Lair:1   | Reached skill level 1 in Evocations
 10649 | Lair:1   | Reached ****** piety under Okawaru
 10650 | Lair:1   | Reached skill level 1 in Dodging
 10991 | Lair:1   | Noticed an eight-headed hydra
 10998 | Lair:1   | Killed a 13-headed hydra
 11120 | Lair:2   | Reached skill level 12 in Polearms
 11122 | Lair:2   | Received a gift from Okawaru
 11224 | Lair:2   | Received a gift from Okawaru
 11231 | Lair:2   | Got a jewelled chain mail {god gift}
 11250 | Lair:2   | Identified the +5 chain mail of Subydiat {+Inv rPois}
                  | (Okawaru gifted it to you on level 2 of the Lair of Beasts)
 11400 | Lair:2   | Gained mutation: You may emit foul miasma when damaged in
                  | melee. [demonic ancestry]
 11400 | Lair:2   | Reached XP level 12. HP: 62/84 MP: 18/24
 11478 | Lair:2   | Found a dark tunnel.
 11487 | Volcano  | Entered a volcano
 11506 | Volcano  | Noticed a red draconian
 11521 | Volcano  | Killed a red draconian
 11607 | Volcano  | Noticed a centaur warrior
 11613 | Volcano  | Killed a centaur warrior
 11712 | Lair:2   | Noticed Sonja
 11719 | Lair:2   | Killed Sonja
 11719 | Lair:2   | Reached skill level 5 in Fighting
 11719 | Lair:2   | Reached skill level 5 in Invocations
 12049 | Lair:3   | Noticed a six-headed hydra
 12064 | Lair:3   | Noticed Urug
 12073 | Lair:3   | Killed Urug
 12097 | Lair:3   | Found a staircase to the Shoals.
 12111 | Lair:3   | Received a gift from Okawaru
 12217 | Lair:3   | Learned a level 3 spell: Tukima's Dance
 12285 | Lair:3   | Killed a ten-headed hydra
 12285 | Lair:3   | Reached skill level 5 in Armour
 12497 | Lair:3   | Noticed Rupert
 12809 | Lair:4   | Reached skill level 5 in Evocations
 13044 | Lair:4   | Received a gift from Okawaru
 13064 | Lair:4   | Gained mutation: Your movements are less encumbered by
                  | armour. (ER -4) [demonic ancestry]
 13064 | Lair:4   | Reached XP level 13. HP: 57/93 MP: 21/25
 13303 | Lair:4   | Reached skill level 5 in Dodging
 13320 | Lair:4   | Learned a level 2 spell: Slow
 13388 | Lair:4   | Found a staircase to the Snake Pit.
 13559 | Lair:5   | Found a staircase to the Slime Pits.
 13577 | Lair:5   | Found the +10 Black Knight's horse barding {ponderous,
                  | rPois rN+}
 13673 | Lair:5   | Got a spiked chain mail
 13689 | Lair:5   | Identified the cursed +1 chain mail of Virtue {rF- Str+4
                  | Dex+4 Stlth+} (You found it on level 5 of the Lair of
                  | Beasts)
 13916 | Lair:5   | Noticed Josephine
 13920 | Lair:5   | Killed Josephine
 14398 | Lair:6   | Entered Level 6 of the Lair of Beasts
 14579 | Lair:5   | Reached skill level 13 in Polearms
 14886 | Lair:5   | Received a gift from Okawaru
 15033 | Lair:6   | Received a gift from Okawaru
 15107 | Lair:6   | Got an ichor-stained scale mail {god gift}
 15109 | Lair:6   | Identified the +4 scale mail "Calowavy" {rN+} (Okawaru
                  | gifted it to you on level 6 of the Lair of Beasts)
 15180 | Lair:6   | Gained mutation: When low on magic, you restore magic in
                  | place of health. [demonic ancestry]
 15180 | Lair:6   | Reached XP level 14. HP: 65/104 MP: 24/26
 15854 | Lair:6   | Identified the Handbook of the Blaze and Contamination
 16234 | Lair:3   | Killed Rupert
 16637 | D:8      | Killed firegrace's ghost
 16786 | D:10     | Noticed Erolcha
 16797 | D:10     | Killed Erolcha
 16797 | D:10     | Received a gift from Okawaru
 16800 | D:10     | Got a transparent hunting sling {god gift}
 16985 | D:10     | Found Sirem's Book Shop.
 17243 | D:11     | Found a staircase to the Orcish Mines.
 18063 | Orc:1    | Entered Level 1 of the Orcish Mines
 18243 | Orc:2    | Entered Level 2 of the Orcish Mines
 18295 | Orc:2    | Found a gate leading to a gauntlet.
 18304 | Gauntlet | Entered a Gauntlet
 18304 | Gauntlet | Found a transporter.
 18304 | Gauntlet | Found a transporter.
 18304 | Gauntlet | Found a transporter.
 18328 | Gauntlet | Found a transporter.
 18340 | Gauntlet | Found a transporter.
 18342 | Gauntlet | Found a transporter.
 18350 | Gauntlet | Found a transporter.
 18370 | Gauntlet | Found a transporter.
 18388 | Gauntlet | Found a transporter.
 18389 | Gauntlet | Found a transporter.
 18396 | Gauntlet | Found a transporter.
 18400 | Gauntlet | Found a transporter.
 18400 | Gauntlet | Found a runed translucent door.
 18636 | Gauntlet | Got a scorched ruby amulet
 18644 | Gauntlet | Identified the amulet "Hiemu" {Reflect +Inv rF- MR+++ Dex+2
                  | SH+4} (You found it in a Gauntlet)
 18868 | Gauntlet | Identified the +8 battleaxe of the Dragonfly {vamp, rC+
                  | Str+2}
 18951 | Orc:2    | Found a runed translucent gate.
 18952 | Orc:2    | Found a runed translucent gate.
 18953 | Orc:2    | Found a runed translucent gate.
 18954 | Orc:2    | Noticed Murumi's ghost (journeyman FoFi)
 18954 | Orc:2    | Noticed motoroller71's ghost (journeyman GnFi)
 18981 | Orc:2    | Found Gicuz's Magic Scroll Boutique.
 19160 | Orc:2    | Received a gift from Okawaru
 19911 | Orc:2    | Found Vaxtorr's Antique Weapon Boutique.
 19911 | Orc:2    | Found Moeddem's Jewellery Shop.
 19911 | Orc:2    | Found Ynkaxyer's Jewellery Boutique.
 19914 | Orc:2    | Found Oqurecuhe's Antique Weapon Shop.
 19974 | Orc:2    | Found Ysuo's Jewellery Shoppe.
 19982 | Orc:2    | Bought the ring "Gummol" {rElec rF+ rCorr} for 574 gold
                  | pieces
 19998 | Orc:2    | Noticed a stone giant
 20007 | Orc:2    | Killed a stone giant
 20033 | Orc:2    | Found a staircase to the Elven Halls.
 20059 | Orc:2    | Found a roughly hewn altar of Beogh.
 20240 | Orc:2    | Found Kocucz Gooh's Book Shoppe.
 20432 | Orc:1    | Noticed an orc warlord
 20801 | Orc:2    | Killed an orc warlord
 21820 | Orc:2    | Bought a scroll of acquirement for 832 gold pieces
 21945 | D:12     | Received a gift from Okawaru
 21945 | D:12     | Reached XP level 15. HP: 114/114 MP: 27/27
 21971 | D:12     | Reached skill level 14 in Polearms
 22618 | D:12     | Reached skill level 10 in Fighting
 22801 | D:12     | Found a roughly hewn altar of Beogh.
 23082 | D:13     | Learned a level 4 spell: Cause Fear
 23099 | D:13     | Noticed Snorg
 23110 | D:13     | Killed Snorg
 23110 | D:13     | Received a gift from Okawaru
 23111 | D:13     | Noticed Jorgrun
 23130 | D:13     | Killed Jorgrun
 23874 | D:13     | Found a gate to the Vaults.
 24743 | D:15     | Entered Level 15 of the Dungeon
 24773 | D:15     | Received a gift from Okawaru
 24781 | D:15     | Identified the +7 halberd "Ughuimi" {drain, +Blink rF+++
                  | rC+ Str-4} (Okawaru gifted it to you on level 15 of the
                  | Dungeon)
 25254 | D:15     | Found a staircase to the Depths.
 25276 | D:15     | Reached skill level 10 in Armour
 25829 | Snake:1  | Entered Level 1 of the Snake Pit
 25853 | Snake:1  | Noticed Aizul
 25859 | Snake:1  | Killed Aizul
 26021 | Snake:1  | Found Iniqyrghi's Weapon Shop.
 26104 | Snake:1  | Noticed Nikola
 26116 | Snake:1  | Killed Nikola
 26135 | Snake:1  | Received a gift from Okawaru
 26494 | Snake:1  | Got a distressingly furry cloak {god gift}
 26506 | Snake:1  | Identified the +1 cloak of Negation {rElec} (Okawaru gifted
                  | it to you on level 1 of the Snake Pit)
 26605 | Snake:1  | Gained mutation: You have claws for feet. [demonic
                  | ancestry]
 26605 | Snake:1  | Reached XP level 16. HP: 125/125 MP: 28/28
 27332 | Snake:2  | Reached skill level 10 in Dodging
 27369 | Snake:2  | Found Awnetzok's Jewellery Emporium.
 27369 | Snake:2  | Found Gyifuo Ruff's Antique Armour Shoppe.
 27371 | Snake:2  | Found Kuemeosi's Armour Emporium.
 27374 | Snake:2  | Found Ewnidd's Distillery.
 27390 | Snake:2  | Bought a pair of faintly glowing gloves for 285 gold pieces
 27401 | Snake:2  | Identified the +1 pair of gloves "Lutudes" {rElec Regen+
                  | Int-4 SInv} (You bought it in a shop on level 2 of the
                  | Snake Pit)
 27584 | Snake:2  | Got a dazzling scythe
 27586 | Snake:2  | Identified the +8 scythe of the Messenger {pain, Dex+7}
                  | (You found it on level 2 of the Snake Pit)
 27613 | Snake:2  | Noticed Asterion
 27624 | Snake:2  | Killed Asterion
 27843 | Snake:2  | Noticed Vashnia
 27863 | Snake:2  | Killed Vashnia
 27863 | Snake:2  | Reached skill level 15 in Polearms
 28586 | Snake:2  | Received a gift from Okawaru
 28960 | Snake:3  | Found Lyjuezue's Distillery.
 29551 | Snake:4  | Entered Level 4 of the Snake Pit
 30072 | Snake:4  | Received a gift from Okawaru
 30089 | Snake:4  | Reached XP level 17. HP: 133/133 MP: 29/29
 30522 | Snake:4  | Got a serpentine rune of Zot
 30584 | Snake:4  | Reached skill level 10 in Evocations
 30904 | Shoals:1 | Entered Level 1 of the Shoals
 31137 | Shoals:1 | Identified Roxanne's Catalogue of the Mountains
 31137 | Shoals:1 | Noticed Roxanne
 31468 | Shoals:1 | Received a gift from Okawaru
 31803 | Shoals:1 | Noticed Kirke
 31814 | Shoals:1 | Killed Kirke
 31814 | Shoals:1 | Received a gift from Okawaru
 32041 | Shoals:2 | Received a gift from Okawaru
 32397 | Shoals:2 | Received a gift from Okawaru
 32545 | Shoals:3 | Noticed Mara
 32549 | Shoals:3 | Noticed Gynju's illusion
 32690 | Shoals:4 | Entered Level 4 of the Shoals
 32765 | Shoals:4 | Received a gift from Okawaru
 33193 | Shoals:4 | Reached skill level 16 in Polearms
 33297 | Shoals:4 | Gained mutation: You are robust. (+10% HP) [demonic
                  | ancestry]
 33297 | Shoals:4 | Reached XP level 18. HP: 57/157 MP: 13/30
 33372 | Shoals:3 | Noticed Gynju's illusion
 33377 | Shoals:3 | HP: 7/157 [water nymph/the raging water (9)]
 33379 | Shoals:3 | Slain by Gynju's illusion

Levels and vault maps discovered:
D:1:      dpeg_arrival_three_bigger_balls, layout_basic, serial_forest,
          infiniplex_forest_lined_2, infiniplex_forest_end_1,
          infiniplex_forest_lined_2, infiniplex_forest_clump_large,
          infiniplex_forest_straight_1, infiniplex_forest_clump_medium,
          infiniplex_forest_side_room
D:2:      layout_rooms, nicolae_ru_sacrificial_ziggurat, tso_metal_star,
          first_ration, grunt_ministairs_2, okawaru_metal_pillars_1_2
D:3:      layout_basic, lemuel_doored_altar, nicolae_dithmenos_shadow_blocks,
          uniq_sigmund, uniq_ijyb
D:4:      layout_basic, kennysheep_little_box
D:5:      layout_cave_pools, marbit_many_paths, basic_altar, serial_bayou_pond_e
D:6:      layout_basic, lemuel_coloured_pillars_altar,
          chequers_temple_overflow_statue_of_worship,
          minmay_temple_entry_drinking_statues, serial_shops,
          nicolae_shop_trees, uniq_pikel, uniq_menkaure
D:7:      layout_basic, tgw_sif, hex_large, nrook_mini_backslash,
          uniq_prince_ribbit1, uniq_joseph
D:8:      layout_basic, nicolae_qazlal_style_of_elements, dpeg_oklobed_lair,
          ebering_ghost_gozag, special_room [special_room_orc],
          serial_co_window_serial, co_window_of_opportunity_a,
          co_window_cross_1, co_window_paths_b, co_window_paths_a,
          co_window_cross_1, co_window_paths_a, co_window_of_opportunity_a,
          co_window_broadway_b, co_window_unsneaky_path_d,
          co_window_of_opportunity_c, co_window_of_opportunity_b,
          co_window_corner_ca, glass_columns_b, uniq_grum
D:9:      layout_gridville, ebering_ghost_rock_garden, serial_shops,
          nicolae_shop_waterfront, hangedman_fish_farm
D:10:     layout_gridville, serial_shops, nicolae_shop_waterfront,
          chequers_serial_rivers_small_3, corexii_hall_statues_x,
          eino_tiny_chamber, minivault_24, grunt_ministairs_11,
          minmay_misc_feat_columns, minmay_microvault, uniq_erolcha
D:11:     layout_grid_maze
D:12:     layout_rooms, special_room [special_room_orc],
          hangedman_parallel_progression
D:13:     layout_basic, ximxim_vaults_locker_room, kennysheep_cluttered_room,
          uniq_jorgrun, uniq_snorg
D:14:     layout_basic, skrybe_limestone_x
D:15:     grunt_enter_depths_snipers, layout_basic, minivault_24, st_stairs_1
Temple:   minmay_temple_forest_path
Lair:1:   layout_regular_city, basic_altar, grunt_megastairs_3, uniq_gastronok
Lair:2:   layout_layer_cave, nicolae_volcano_entry_hallway, forest_entry_grove,
          uniq_sonja
Lair:3:   layout_roguey, minmay_shoals_entry_beasts, lemuel_fruit_fields,
          grunt_megastairs_5, uniq_rupert, uniq_urug
Lair:4:   layout_loops_ring, minmay_snake_entry_guardpost_large, special_room
          [special_room_mythical_zoo], small_statue_intersection
Lair:5:   layout_roguey, minmay_slime_entry_pillars, uniq_josephine
Lair:6:   minmay_lair_end_frog_pond, layout_hall_layers
Shoals:1: layout_shoals, nicolae_shoals_mertower, uniq_roxanne, uniq_kirke
Shoals:2: layout_shoals
Shoals:3: layout_shoals, serial_shops, nicolae_shop_behind_doors, uniq_mara
Shoals:4: shoals_end_grunt_ice, layout_shoals
Snake:1:  layout_honeycomb, serial_shops, shop, uniq_aizul, uniq_nikola
Snake:2:  layout_basic, minmay_shoptagon, uniq_vashnia, uniq_asterion
Snake:3:  layout_gridlike, serial_shops, nicolae_shop_behind_doors
Snake:4:  minmay_snake_end_coiled, layout_onion_interference
Orc:1:    layout_caves, special_room [special_room_orc]
Orc:2:    st_orc_mages, layout_diamond_mine, serial_shops,
          nicolae_shop_competitors_out_of_business, shop_fountains, shop,
          portal_ice_cave_entry_ice_beasts, gauntlet_entry_generic,
          gammafunk_ghost_cemetery, minmay_orc_temple_b

Skill      XL: |  1  2  3  4  5  6  7  8  9 10 11 12 13 14 15 16 17 18 |
---------------+-------------------------------------------------------+-----
Polearms       | 2 3 5 7 8 9 10 11 12 13 14 15 16 | 16.1
Spellcasting   | 3 5 7 8 |  8.0
Hexes          | 4 6 8 |  8.9
Invocations    | 4 6 9 |  9.3
Evocations     | 3 5 7 9 10 | 10.6
Armour         | 4 5 7 8 10 11 12 | 12.3
Dodging        | 2 4 6 8 9 10 11 12 | 12.0
Fighting       | 4 6 7 9 11 12 13 | 13.3
Shields        | |  2.6

Action                   |  1- 3 |  4- 6 |  7- 9 | 10-12 | 13-15 | 16-18 || total
-------------------------+-------+-------+-------+-------+-------+-------++-------
Melee: Trident           |   196 |   166 |   476 |   410 |    10 |       ||  1258
       Kick              |       |    28 |   157 |   187 |     5 |   153 ||   530
       Scythe            |       |       |       |   256 |  1378 |   865 ||  2499
Throw: Dart              |       |       |       |     3 |       |       ||     3
 Cast: Confusing Touch   |       |       |       |     4 |     2 |     1 ||     7
       Tukima's Dance    |       |       |       |       |     3 |    15 ||    18
       Slow              |       |       |       |       |     1 |     1 ||     2
Invok: Heroism           |       |       |     4 |     8 |     8 |     8 ||    28
       Finesse           |       |       |       |     2 |     8 |     8 ||    18
 Abil: Evoke Invisibilit |       |       |       |       |     1 |     3 ||     4
Evoke: Wand              |       |       |       |       |     3 |       ||     3
  Use: Potion            |       |     1 |       |     1 |     6 |     4 ||    12
       Scroll            |       |       |     9 |    13 |    31 |     7 ||    60
 Stab: Confused          |       |       |       |     1 |       |     1 ||     2
       Distracted        |       |       |       |       |     3 |     3 ||     6
       Invisible         |       |       |       |       |     2 |    11 ||    13
  Eat: Chunk             |     4 |     5 |     7 |    20 |    38 |    15 ||    89
       Ration            |       |       |     2 |       |     3 |     3 ||     8
Armor: Scale mail        |    81 |    56 |   153 |   225 |       |       ||   515
       Chain mail        |       |       |       |   160 |   978 |   470 ||  1608
Dodge: Dodged            |    48 |    36 |    65 |   295 |  1214 |   738 ||  2396
Block: Shield            |    83 |    68 |   145 |   184 |       |       ||   480
       Other             |       |       |       |       |   179 |   150 ||   329
       Reflection        |       |       |       |       |    16 |    21 ||    37

Table legend:
 A = Non-vault XP
 B = Vault XP
 C = Vault XP percentage of total XP
 D = Non-vault monster count
 E = Vault monster count
 F = Vault count percentage of total count
                 A         B        C        D         E       F
            +---------+---------+-------+---------+---------+-------
      Total |  174225 |  123890 |  41.6 |     778 |     445 |  36.4
            +---------+---------+-------+---------+---------+-------
        D:1 |      56 |       0 |   0.0 |      29 |       0 |   0.0
        D:2 |      34 |       3 |   8.1 |      17 |       2 |  10.5
        D:3 |     142 |     267 |  65.3 |      27 |       2 |   6.9
        D:4 |     503 |       0 |   0.0 |      23 |       0 |   0.0
        D:5 |     582 |     127 |  17.9 |      16 |       1 |   5.9
        D:6 |    1124 |     823 |  42.3 |      19 |       2 |   9.5
        D:7 |    1206 |     777 |  39.2 |      26 |       3 |  10.3
        D:8 |    1986 |    1557 |  43.9 |      31 |      27 |  46.6
        D:9 |     918 |     309 |  25.2 |      13 |       1 |   7.1
       D:10 |     644 |     918 |  58.8 |      13 |       3 |  18.8
       D:11 |    3895 |       0 |   0.0 |      47 |       0 |   0.0
       D:12 |    6880 |    6427 |  48.3 |      51 |      68 |  57.1
       D:13 |    5345 |    7795 |  59.3 |      21 |      13 |  38.2
       D:14 |    7734 |       0 |   0.0 |      35 |       0 |   0.0
       D:15 |    3934 |    3105 |  44.1 |      14 |       6 |  30.0
     Lair:1 |    5383 |    2782 |  34.1 |      21 |       9 |  30.0
     Lair:2 |    4637 |    1763 |  27.5 |      22 |       8 |  26.7
     Lair:3 |    4512 |    4472 |  49.8 |      17 |      10 |  37.0
     Lair:4 |    3727 |    5858 |  61.1 |      22 |      31 |  58.5
     Lair:5 |    6242 |    4591 |  42.4 |      24 |      16 |  40.0
     Lair:6 |   11407 |    8313 |  42.2 |      44 |      37 |  45.7
   Shoals:1 |   13085 |    8587 |  39.6 |      28 |      10 |  26.3
   Shoals:2 |   12910 |       0 |   0.0 |      33 |       0 |   0.0
   Shoals:3 |    1477 |       0 |   0.0 |       4 |       0 |   0.0
   Shoals:4 |    7934 |   15523 |  66.2 |      18 |      24 |  57.1
    Snake:1 |   10998 |    3620 |  24.8 |      25 |       2 |   7.4
    Snake:2 |   18055 |    7762 |  30.1 |      33 |       6 |  15.4
    Snake:3 |   24846 |       0 |   0.0 |      45 |       0 |   0.0
    Snake:4 |    9794 |   19945 |  67.1 |      19 |      39 |  67.2
      Orc:1 |    1221 |    2478 |  67.0 |      15 |      13 |  46.4
      Orc:2 |    3014 |    8311 |  73.4 |      26 |      91 |  77.8
    Volcano |       0 |    2948 | 100.0 |       0 |       7 | 100.0
   Gauntlet |       0 |    4829 | 100.0 |       0 |      14 | 100.0
            +---------+---------+-------+---------+---------+-------
